cohdb
Replays
Latest Replays
All Replays
Popular Replays
Top Player Replays
Match Explorer
How It Works
Community
CoH3 Stats
Reddit
Sign in to upload your games and track your stats! →
Sign in with Steam
Match 43612435
Unlisted
Match 43612435
Overview
Messages
Build Orders
End
Selects Special Operations Battlegroup
Selects M29 Weasel Recon Vehicle
M29 Weasel Recon Vehicle
Construct Barracks
Riflemen Squad
Riflemen Squad
Riflemen Squad
Mechanized Support Center
Grenade Package
Selects Raiding Flares
M1918 Browning Automatic Rifles
Engineer Squad
Construct Medical Station
Selects SSF Commando Squad
SSF Commando Squad
Construct Tank Depot
M4A1 Sherman Medium Tank
M4A1 Sherman Medium Tank
Selects P-47 Anti-Infantry Loiter
Selects UNKNOWN (2162291)
M4A1 76mm Conversion
Improvised Armor
Designate Forward Repair Station
P-47 Anti-Infantry Loiter
Rapid Repairs
M4A1(76) Sherman Medium Tank
Bran
DrewP
Dillbro
Gladiak
Mobius
Yvaustroll
0
0
Comments
sign in to comment!
No comments posted yet!